[Event "European Women-ch 2023"]
[Site "Petrovac"]
[Date "2023.03.20"]
[Round "3.1"]
[White "Fataliyeva, Ulviyya"]
[Black "Antolak, Julia"]
[Result "1-0"]
[ECO "A15"]
[WhiteElo "2427"]
[BlackElo "2276"]
[Annotator "TA"]
[PlyCount "77"]
[EventDate "2023.03.15"]
[EventType "swiss"]
[EventCountry "MNE"]
[SourceTitle "playchess.com"]
[Source "ChessBase"]
[SourceQuality "1"]
[TimeControl "40/5400+30:1800+30"]

1. c4 Nf6 2. Nf3 g6 3. b4 Bg7 4. Bb2 d6 5. g3 O-O 6. Bg2 a5 {[%emt 0:06:40] A15: English Opening: 1...Nf6.} 7. b5 e5 8. O-O c6 {[%emt 0:04:23] [#] The position is equal.} 9. Na3 $146 ({Predecessor:} 9. Nc3 h6 10. d3 Nh5 11. Rb1 f5 12. e3 Kh7 13. bxc6 bxc6 14. Na4 Nd7 15. c5 dxc5 {1-0 Flores,D (2588)-Montoro,G (2001) Mar del Plata op 47th 2016 (1)}) 9... Re8 10. d3 Nbd7 11. Nd2 c5 12. Bc3 Nb6 13. Rc1 Qc7 14. Nb3 a4 15. Nd2 d5 16. cxd5 Nbxd5 17. Bb2 b6 {[%emt 0:07:26] Black is now going downhill.} 18. Rc4 Bb7 (18... Qa7 $16 {was necessary.}) 19. Rxa4 $18 Nb4 (19... Rad8 {is a better defense.} 20. Nac4 Qb8) 20. Bxb7 Rxa4 21. Qxa4 Qxb7 {[%emt 0:00:05] [#]} 22. Ndc4 ({Only move:} 22. Qb3 $1 $18) 22... Ra8 (22... e4 $16) 23. Qb3 Nd7 24. Nb1 (24. Nd6 Qd5 $16) 24... Rxa2 (24... Bf8 $142 25. Nc3 (25. Nxe5 Nxe5 26. Bxe5 Rxa2 $16) 25... Nd5 26. Nxe5 Nxe5) 25. Nc3 {[%emt 0:02:32] Black must now prevent Nd6.} Rxb2 26. Nxb2 h5 27. Nc4 {[%emt 0:00:48] White is clearly winning.} Nf6 28. Ra1 h4 (28... Bf8 $142 29. Qa4 Nbd5 30. Nxd5 Nxd5) 29. Qa4 (29. Nxe5 h3 30. f3 (30. Nxg6 $2 Qg2#) 30... Ne8 $18) 29... Qd7 30. Nxb6 ({Weaker is} 30. Nxe5 Qd4 $14) 30... Qd4 {[%emt 0:00:09] [#]} 31. Ne4 Nxe4 32. dxe4 h3 33. Rd1 Qb2 34. Qa8+ Kh7 35. Qc8 Qxe2 36. Qxh3+ Bh6 37. Qf1 Qxe4 38. Nd7 {[%emt 0:02:01] Hoping for Nf6+.} Qf5 {[%emt 0:01:34] Prevents Nf6+} 39. b6 {[%emt 0:01:34] Weighted Error Value: White=0.15 (very precise) /Black=0.43} 1-0

[Event "European Women-ch 2023"]
[Site "Petrovac"]
[Date "2023.03.20"]
[Round "3.1"]
[White "Bivol, Alina"]
[Black "Javakhishvili, Lela"]
[Result "1/2-1/2"]
[ECO "B40"]
[WhiteElo "2365"]
[BlackElo "2443"]
[Annotator "TA"]
[PlyCount "44"]
[EventDate "2023.03.15"]
[EventType "swiss"]
[EventCountry "MNE"]
[SourceTitle "playchess.com"]
[Source "ChessBase"]
[SourceQuality "1"]
[TimeControl "40/5400+30:1800+30"]

1. e4 c5 2. Nf3 e6 3. g3 d5 4. exd5 exd5 5. d4 Nc6 6. Bg2 {[%emt 0:02:03] B40: Sicilian: 2...e6, Unusual lines.} Nf6 7. O-O Be7 8. dxc5 {[%emt 0:02:14] White is slightly better.} Bxc5 9. Nbd2 O-O {[%emt 0:01:03] The position is equal.} 10. Nb3 Bb6 11. c3 Bg4 12. h3 Bf5 {[%emt 0:00:23] [#]} 13. Nbd4 $146 ({Predecessor:} 13. Nfd4 Be4 14. Bg5 h6 15. Bxe4 dxe4 16. Nxc6 Qc7 17. Bf4 Qxc6 18. Qd6 Qb5 19. Qe5 {0-1 Velikic,A (2151)-Miladinovic,L (2079) Belgrade Nedeljkovic Memorial 10th rapid 2017 (5)}) 13... Be4 14. Bf4 Rc8 15. Re1 Na5 16. Nd2 Bxg2 17. Kxg2 Bxd4 18. cxd4 Nc4 19. b3 Nxd2 20. Bxd2 Qd7 21. Rc1 Ne4 22. f3 Nxd2 {[%emt 0:08:46] Not much happened in this game.   Weighted Error Value: White=0.06 (flawless) /Black=0.03 (flawless)} 1/2-1/2

[Event "European Women-ch 2023"]
[Site "Petrovac"]
[Date "2023.03.20"]
[Round "3.1"]
[White "Sieber, Fiona"]
[Black "Makka, Ioulia"]
[Result "0-1"]
[ECO "C28"]
[WhiteElo "2217"]
[BlackElo "1949"]
[Annotator "TA"]
[PlyCount "116"]
[EventDate "2023.03.15"]
[EventType "swiss"]
[EventCountry "MNE"]
[SourceTitle "playchess.com"]
[Source "ChessBase"]
[SourceQuality "1"]
[TimeControl "40/5400+30:1800+30"]

1. e4 e5 2. Nc3 Nc6 3. Bc4 d6 4. d3 Nf6 5. f4 exf4 6. Bxf4 Na5 {[%emt 0:01:44] C28: Vienna Game: 2...Nf6 3 Bc4 Nc6.} 7. Qe2 {[%emt 0:13:29] [#]} Bg4 $146 ({Predecessor:} 7... Nxc4 8. dxc4 Be7 9. O-O-O Bg4 10. Nf3 Qc8 11. Nd5 Nxd5 12. exd5 Qf5 13. Bg3 Bxf3 14. gxf3 {1-0 Djingarova,E (2315)-Bratimirova,D (2076) EU-ch (Women) 3rd 2002 (1)}) 8. Nf3 Nxc4 {[%emt 0:02:03] White is slightly better.} 9. dxc4 Nh5 10. g3 ({White should play} 10. Be3 $14) 10... Be7 11. O-O-O Qc8 (11... O-O $11) 12. Nd5 $1 $16 {[%emt 0:03:22] e5 is the strong threat.} Bd8 {[%emt 0:01:33] [#]} 13. h3 $1 Nxf4 (13... Be6 14. Nd4) 14. gxf4 (14. Nxf4 Be6 $14) 14... Bh5 15. Qg2 Rg8 (15... Bxf3 $14 16. Qxf3 O-O) 16. e5 c6 {[%emt 0:07:59] [#]} 17. Nf6+ Bxf6 18. exf6 Qf5 {[%emt 0:02:00] Black is weak on the dark squares} 19. Qe2+ (19. fxg7 Qxf4+ 20. Kb1 (20. Nd2 $2 Bxd1 21. Re1+ Kd7 $19) 20... Bxf3 $17) ({Better is} 19. Rhe1+ $16 Kf8 20. Qd2 Qxf6 21. Ng5 (21. Qxd6+ $2 Qxd6 22. Rxd6 Bxf3 $19)) 19... Qe6 $11 20. Rhe1 (20. Qxe6+ $11 fxe6 21. f7+ {[%mdl 64] Decoy} (21. Rhf1 gxf6 22. Rxd6 Ke7 $15) 21... Kxf7 22. Ng5+ Ke7 23. Rde1) 20... O-O-O (20... gxf6 $2 21. Qf2 $18 (21. Qxe6+ fxe6 22. Rxe6+ Kf7 $15) (21. Rxd6 Qxe2 22. Rxe2+ Kf8 $15)) (20... Qxe2 $1 $17 21. Rxe2+ Kf8) 21. Qxe6+ fxe6 22. Rd3 Kd7 23. f5 exf5 24. Re7+ Kc8 25. fxg7 {[%emt 0:01:11] Strongly threatening Rb3.} Rd7 26. Rxd7 Kxd7 $15 {[%emt 0:00:03][%mdl 4096] Endgame KRB-KRN} 27. Nd4 {[%emt 0:04:07] [#]} (27. c5 $1 $15) 27... Bg6 ({Inferior is} 27... Rxg7 28. Nxf5 Rg1+ 29. Kd2 $17) (27... f4 $1 $19 28. Rd2 Rxg7) 28. Rb3 Kc8 (28... b6 $5 ) 29. Rg3 Rxg7 (29... f4 $5 30. Rg4 Kd7 $11) 30. Nxf5 Rd7 31. Nd4 Re7 32. Kd2 Kc7 33. Rf3 a6 (33... Re4 $5 34. Rf4 {[%mdl 64] Decoy} Rxf4 35. Ne6+ Kd7 36. Nxf4 Bf5 $15) 34. c3 Bh5 35. Rf6 Bg6 36. Ne6+ Kb6 37. Nf8 Bb1 38. Rxd6 Bxa2 39. Rd4 Bb1 40. b4 (40. Nd7+ $11 {keeps the balance.} Kc7 41. Nf6) 40... Bf5 $17 41. Rf4 $2 {[%emt 0:19:23] [#]} (41. Rd6 $17 {was necessary.}) 41... Rf7 $1 $19 ({Weaker is} 41... Bxh3 42. Rf3 Bg4 43. Rf4 $17) 42. Rxf5 $2 (42. Nxh7 {was forced.} Rd7+ {[%mdl 64] Zwischenzug} 43. Kc1 Bxh7 44. h4) 42... Rxf5 43. Nxh7 {[%emt 0:00:06] KR-KN} Rh5 44. Nf6 Rxh3 45. Nd7+ $2 (45. Kc2 {was worth a try.}) 45... Kc7 46. Nc5 Rh8 (46... Rh5 $142 {[%cal Oh5c5] Threatens to win with ...Rxc5!} 47. Nd3 b6) 47. Kd3 $2 (47. Nb3 {was called for.}) 47... Ra8 (47... Rh5 $142 {[%cal Oh5c5] ...Rxc5! would be deadly.} 48. Ne6+ Kd6) 48. Nb3 b6 49. Kc2 $2 (49. c5 {was the crucial defense.}) 49... a5 50. c5 a4 51. cxb6+ Kxb6 52. Nd4 c5 {[%emt 0:01:29] Black mates.} 53. bxc5+ Kxc5 54. Kb2 Kc4 55. Nc2 Rh8 56. Ne3+ Kb5 57. Nd5 Rd8 58. Ne3 Rd2+ {[%emt 0:00:26] Never resign too early!   Weighted Error Value: White=0.68/Black=0.25 (precise)} 0-1

[Event "European Women-ch 2023"]
[Site "Petrovac"]
[Date "2023.03.20"]
[Round "3.2"]
[White "Bulmaga, Irina"]
[Black "Mammadova, Gulnar"]
[Result "1-0"]
[ECO "C13"]
[WhiteElo "2438"]
[BlackElo "2358"]
[Annotator "TA"]
[PlyCount "143"]
[EventDate "2023.03.15"]
[EventType "swiss"]
[EventCountry "MNE"]
[SourceTitle "playchess.com"]
[Source "ChessBase"]
[SourceQuality "1"]
[TimeControl "40/5400+30:1800+30"]

1. e4 e6 2. d4 d5 3. Nc3 Nf6 4. Bg5 dxe4 5. Nxe4 Be7 6. Bxf6 gxf6 7. Nc3 {[%emt 0:00:24] C13: French: Classical System: 4 Bg5 Be7, Alekhine-Chatard Attack.} b6 {[%emt 0:10:40] Recently 7...c6 got a lot of attention.} (7... a6 $11) 8. Qf3 $14 c6 9. O-O-O {[%emt 0:04:13] White is slightly better.} Bb7 {[%emt 0:04:21] [#]} 10. Nge2 $146 ({Predecessor:} 10. Qh5 Qd6 11. Nf3 Nd7 12. g3 h6 13. Bc4 Kf8 14. Rhe1 f5 15. Ne2 Nf6 16. Qh3 {1-0 Smeets,J (2598)-Baskin,R (2402) Bundesliga 1617 2016 (10.4)}) 10... Nd7 11. g4 h5 12. h3 Qc7 13. Bg2 O-O-O 14. Ng3 h4 15. Nge2 Kb8 (15... b5 {with more complications.} 16. Kb1 b4 17. Na4 Qa5) 16. Kb1 b5 17. Nc1 Rhg8 (17... b4 {looks sharper.} 18. Na4 Qa5 19. b3 Qd5) 18. Nd3 a6 (18... b4 $11 19. Na4 Nb6) 19. Rhe1 Rg5 20. Qe2 Bd6 ({Black should try} 20... Rgg8 $14) 21. Ne4 $16 Rgg8 22. a3 f5 23. Nxd6 Qxd6 24. Ne5 (24. f4 $16) 24... Nxe5 $11 25. dxe5 Qc7 26. Rxd8+ Rxd8 (26... Qxd8 $11 27. Bf3 fxg4 28. Bxg4 c5) 27. gxf5 $16 exf5 28. Qh5 Qd7 ({Better is} 28... Rd2) 29. Bf3 {[%emt 0:02:02][%cal Oe1d1] Rd1! is the strong threat. White has more active pieces.} Qe6 (29... Bc8 $16 {might work better.}) 30. Qxh4 $18 Rd2 (30... Kc7 $142 31. Qg3 Rd2) 31. Kc1 Rd7 {[%emt 0:00:14] Threatens to win with ...Qa2.} 32. Rd1 Rxd1+ 33. Bxd1 {[%emt 0:00:22] Strongly threatening Qf4.} Qxe5 {[%emt 0:01:02][%mdl 4096] Endgame KQB-KQB} 34. Qg3 f4 35. Qc3 Qxc3 (35... Qe7 36. Qd4 Qg5) 36. bxc3 {[%emt 0:00:02] KB-KB} Kc7 37. h4 Kd6 38. h5 c5 $2 (38... Bc8 39. h6 Bf5) 39. h6 {[%emt 0:01:26] And now h7 would win.} Be4 40. Be2 {[%emt 0:00:00] Black must now prevent Bd3.} c4 {[%emt 0:00:00] [#] Dodges Bd3} 41. Bf3 $1 {[%emt 0:05:48][%mdl 576] Deflection, Promotion} Bh7 (41... Bxf3 $2 42. h7) (41... Bg6 42. Bh5) 42. Bb7 a5 43. Kd2 Bg6 44. Ba6 Kc5 45. f3 Kb6 46. Bc8 Bh7 47. Bd7 {[%emt 0:00:53] a4 would be deadly.} Kc5 $2 (47... a4 48. Be8 f6) 48. Be8 f6 49. Bf7 $2 ({White has to play} 49. a4 $18 bxa4 50. Kc1 (50. Bxa4 Kd6 $16)) 49... Kd6 $2 {[%emt 0:00:52][%mdl 8192] [#] This costs Black the game.} (49... a4 $11) 50. a4 $1 Kc5 (50... bxa4 51. Bxc4) 51. axb5 {[%emt 0:00:28] White mates.} Kxb5 52. Kc1 Kc5 53. Kb2 Kb5 54. Ka3 Kc5 55. Ka4 Kb6 56. Bxc4 Bxc2+ 57. Ka3 Bh7 58. Kb2 Kc6 59. Bb3 Kd6 60. Bc2 f5 61. Ka3 Ke7 62. Ka4 Kf6 63. Kxa5 Bg8 64. Kb5 Bd5 65. Bd1 Kg6 66. c4 Be6 67. c5 Kxh6 68. c6 Kg5 69. Kc5 Bc8 70. Kd6 Kh4 71. Bb3 Kg3 72. Bd5 {[%emt 0:00:08] Weighted Error Value: White=0.27 (precise) /Black=0.37} 1-0

[Event "European Women-ch 2023"]
[Site "Petrovac"]
[Date "2023.03.20"]
[Round "3.2"]
[White "Toncheva, Nadya"]
[Black "Buksa, Nataliya"]
[Result "0-1"]
[ECO "C88"]
[WhiteElo "2192"]
[BlackElo "2405"]
[Annotator "TA"]
[PlyCount "238"]
[EventDate "2023.03.15"]
[EventType "swiss"]
[EventCountry "MNE"]
[SourceTitle "playchess.com"]
[Source "ChessBase"]
[SourceQuality "1"]
[TimeControl "40/5400+30:1800+30"]

1. e4 e5 2. Nf3 Nc6 3. Bb5 a6 4. Ba4 Nf6 5. O-O Be7 6. Re1 b5 7. Bb3 O-O 8. a4 Bb7 9. d3 d6 10. Nbd2 Nd7 11. Nf1 bxa4 12. Bxa4 Nc5 13. Bxc6 Bxc6 14. Ne3 Re8 15. Nd5 Bf8 16. Be3 Ne6 17. Nd2 g6 18. Nb3 Bg7 19. Nb4 Bb7 20. Na5 Bc8 21. Nbc6 Qh4 22. Qf3 Bd7 23. Ra3 Nf4 24. Bxf4 exf4 25. d4 g5 26. h3 (26. Rb3 {was preferrable.}) 26... Re6 $11 27. d5 Ree8 28. Rb3 f5 29. Rb7 Rac8 30. Re2 g4 31. hxg4 fxe4 32. Rxe4 Rxe4 33. Qxe4 Re8 (33... Qxg4 $11 34. f3 (34. Ne7+ Kf8 $11) 34... Qg3) 34. Rb8 $16 (34. Qxf4 $2 Re1#) (34. Qb4 $2 Re2 35. Rb8+ Kf7 36. Qxf4+ Bf6 $19) 34... Rxb8 35. Nxb8 Qxg4 36. f3 (36. Nxa6 Qd1+ 37. Kh2 Bd4 $15) 36... Qh4 37. Nac6 (37. Nxd7 $6 Bd4+ 38. Qxd4 Qe1+ 39. Kh2 Qh4+ 40. Kg1 Qe1+ 41. Kh2 Qh4+ 42. Kg1 $11) (37. Nxa6 $6 Bxb2 38. Nc4 (38. Nxc7 Qd8 $11) 38... Bc3 39. Nxc7 Be1 $11) (37. c3 $16 Bb5 38. Nbc6) 37... Bxc6 $11 38. Nxc6 Bxb2 39. Ne7+ Kf8 40. Nf5 Qf6 41. Qxf4 Bc1 42. Qg4 Qg6 43. Qe4 Qf6 (43... Bg5 $11 {keeps the balance.}) 44. Nd4 $16 Qg6 45. Ne6+ Kf7 46. Qc4 (46. Nxc7 $6 Qxe4 47. fxe4 a5 $11) (46. Qe2 $16) 46... Be3+ (46... c5 $11) 47. Kf1 $16 Bb6 {[%emt 0:00:17] [#]} 48. Qh4 (48. Nxc7 Qh6 49. Qc6 Qh1+ 50. Ke2 Qxg2+ 51. Kd3 Qxf3+ 52. Kd2 Qe3+ 53. Kd1 Ba5 54. Qd7+ Kg6 55. Qg4+ Kf6 56. Qh4+ Ke5 57. Qe7+ Kd4 $19) (48. Qf4+ $6 Qf6 $11) (48. g4 $1 $16) 48... Qf5 $11 (48... Qxc2 49. Qf4+ Kg6 50. Qg5+ Kf7 51. Qg7+ Ke8 52. Qf8+ Kd7 53. Qd8#) 49. Ng5+ Kg8 50. Ne4 Kf7 51. c4 a5 52. Ke2 h5 53. Qd8 Qe5 54. Qd7+ Kf8 55. Qd8+ Kf7 56. c5 Bxc5 57. Qxc7+ Kg6 58. Qxa5 Qxd5 59. Qa4 Qe5 60. Kf1 Bd4 61. Qc6 Bc5 62. Qa8 Qe6 63. Qa6 Qe5 64. Qa2 Kg7 65. Nxc5 dxc5 66. Qa7+ Kf6 67. Qb6+ Ke7 68. Qb7+ Kd6 69. Qa6+ Kd5 70. Qd3+ Ke6 71. Qa6+ Kf7 72. Qb7+ Kf6 73. Qa6+ Kg5 74. Qc4 Qd4 75. Qg8+ Kf4 76. Qf7+ Ke3 77. Qe8+ Kd2 78. Qe2+ (78. Qxh5 $2 {leads to mate.} Qa1+ 79. Kf2 Qe1#) 78... Kc1 79. Qe1+ Kb2 80. Qe2+ Ka3 81. Qa6+ Kb3 82. Qb5+ Kc3 83. Qa5+ Qb4 84. Qa1+ Kc2 85. Qa2+ Qb2 86. Qc4+ Qc3 87. Qa4+ Qb3 88. Qe8 $2 {[%emt 0:03:18][%mdl 8192] [#]} (88. Qe4+ $11 Qd3+ 89. Qe2+ Qxe2+ 90. Kxe2) 88... Qd3+ $2 ({Black should play} 88... c4 $1 $19 89. Qe2+ Kc1) 89. Kf2 $2 (89. Qe2+ $11 Kc3 90. g4 Qxe2+ 91. Kxe2 hxg4 92. fxg4) 89... Qd4+ 90. Kg3 h4+ 91. Kh3 c4 92. Qa4+ Kd2 93. Qb4+ Ke2 94. Qa4 Ke3 95. Qe8+ Kd3 (95... Kd2 $142 96. Qa4 Qf4 97. Qb4+ Kd3 98. Qb1+ Kd4 99. Qa1+ c3 100. Qa4+ Ke3 101. Qa7+ Kd3 102. Qd7+ Kc2 103. Qh7+ Kd2 104. Qd7+ Kc1 105. Qg7 Qg3+ {[%mdl 64] Promotion} 106. Qxg3 hxg3 107. Kxg3 Kd2 108. Kg4 Ke3 109. Kg5 c2 110. Kg6 c1=Q 111. Kf5 Qc2+ 112. Kf6 Qxg2 113. Ke6 Qd2 114. Ke5 Kxf3 115. Kf6 Qd6+ 116. Kg7 Kg4 117. Kf7 Kf5 118. Ke8 Qc7 119. Kf8 Kf6 120. Kg8 Qg7#) 96. Qe1 Kc2 ({Not} 96... c3 97. Qd1+ Ke3 98. Qg1+ Kd3 99. Qd1+ Ke3 100. Qg1+ Kd3 101. Qd1+ $11) (96... Qf4 $142 97. g4 Qg3+ 98. Qxg3 hxg3 99. g5 Ke2 100. g6 Kf2 101. g7 g2 102. g8=Q g1=Q 103. Qb8 Qh1+ 104. Kg4 Qxf3+ 105. Kh4 Qe4+ 106. Kh5 Qf3+ 107. Kh4 c3 108. Qb6+ Qe3 109. Qf6+ Ke2 110. Qa6+ Qd3 111. Qe6+ Kd2 112. Qh6+ Ke1 113. Qe6+ Qe2 114. Qd5 c2 115. Qh1+ Kd2 116. Qd5+ Qd3 117. Qa5+ Kd1 118. Qh5+ Kc1 119. Qh8 Qe4+ 120. Kg3 Kd2 121. Qb2 Qe3+ 122. Kg4 Kd1 123. Qb7 Qe6+ 124. Kh5 c1=Q 125. Qh1+ Kd2 126. Qg2+ Qe2+ 127. Qxe2+ Kxe2 128. Kg6 Qc7 129. Kf6 Qd7 130. Kg5 Qe6 131. Kh5 Kf3 132. Kg5 Kg3 133. Kh5 Kf4 134. Kh4 Qh6#) 97. Qe2+ $19 Kb3 98. g4 c3 99. Qb5+ Qb4 100. Qd5+ Kb2 101. Qe5 Kb1 102. Qe1+ Ka2 103. Qe2+ Kb3 104. Qe3 Qd6 105. f4 Kb2 106. Qe2+ c2 107. Qb5+ Kc3 108. Qa5+ Kd3 109. Qb5+ Kd2 110. Qb2 Qxf4 111. Kxh4 Qc4 112. Kh5 Kd1 113. Qa3 c1=Q ({Stronger than} 113... c1=B 114. Qf3+ Kc2 115. Qf5+ Kb2 116. Qf6+ Kb3 117. Qf3+ Kb2 118. Qf6+ Kb1 119. Qf5+ Kb2 120. Qf6+ $15) 114. Qf3+ Kc2 115. Qf5+ Kb2 116. Qf6+ Q1c3 117. Qb6+ Ka3 118. Qa7+ Kb4 119. g5 Qh8+ 0-1

[Event "European Women-ch 2023"]
[Site "Petrovac"]
[Date "2023.03.20"]
[Round "3.2"]
[White "Zhezhovska, Monika"]
[Black "Gajcin, Marina"]
[Result "0-1"]
[ECO "D85"]
[WhiteElo "1761"]
[BlackElo "2215"]
[Annotator "TA"]
[PlyCount "96"]
[EventDate "2023.03.15"]
[EventType "swiss"]
[EventCountry "MNE"]
[SourceTitle "playchess.com"]
[Source "ChessBase"]
[SourceQuality "1"]
[TimeControl "40/5400+30:1800+30"]

1. d4 Nf6 2. c4 g6 3. Nc3 d5 4. Nf3 Bg7 5. cxd5 Nxd5 6. e4 Nxc3 7. bxc3 c5 8. Be3 Qa5 9. Qd2 O-O $1 {[%emt 0:00:45][%mdl 4] is more profitable than 9...Nc6 at the moment.} 10. Rb1 a6 11. Rc1 {[%emt 0:03:19] D85: Exchange Grünfeld: Unusual White 7th moves and lines with 7 Nf3.} (11. dxc5 $2 Bxc3 12. Bc4 Bxd2+ $19) 11... Nc6 12. d5 Rd8 13. Bd3 {[%emt 0:03:47] White has an edge.} Bg4 {[%emt 0:09:28] [#]} 14. dxc6 $146 (14. Kf1 $14) ({Predecessor:} 14. h4 Bxf3 15. gxf3 e6 16. c4 Nb4 17. Ke2 Rac8 18. Rb1 exd5 19. cxd5 c4 20. Qxb4 cxd3+ {0-1 Ognean,M (2298)-Dragomirescu,R (2337) ROM-ch rapid Online GpC 2020 (6)}) 14... Bxf3 $1 $17 15. cxb7 Rab8 16. gxf3 c4 $1 17. Bd4 cxd3 18. Rb1 Qc7 19. Bxg7 (19. Qxd3 $2 e5 20. O-O Rxb7 21. Rxb7 Qxb7 $19) 19... Kxg7 20. O-O (20. Qb2 $2 Qf4 21. O-O (21. c4+ $2 f6 $19) 21... Qxf3 22. c4+ f6 $19) 20... Rxb7 21. Rxb7 Qxb7 {[%emt 0:00:02][%mdl 4096] Endgame KQR-KQR} 22. Rd1 Qb5 {[%emt 0:03:22] Wards off c4} 23. Kg2 h6 24. f4 (24. h4 $142) 24... a5 {[%emt 0:13:08][%cal Ba6a5,Ba5a4,Ba4a3][%mdl 32] Black is much more active.} 25. f3 a4 26. Qc1 Qc4 27. Rd2 Rb8 28. Qd1 $2 (28. h4 {was called for.}) 28... a3 $19 {[%emt 0:00:35] ...Rb2 is the strong threat.} (28... Qxc3 $2 {loses.} 29. Rxd3 Rb2+ 30. Kh3 Qc8+ 31. f5 $19) 29. Qc1 {[%emt 0:01:31] [#] Against Rb2} Rb2 $2 30. Rxb2 $11 axb2 31. Qxb2 {[%emt 0:00:07] KQ-KQ} Qa4 {[%emt 0:00:23] ...Qc2+ would be deadly.} 32. c4+ $1 Kh7 {[%emt 0:00:09] Hoping for ...Qc2+.} 33. Qe5 Qxa2+ 34. Kg3 Qxc4 {[%emt 0:01:27] And now ...d2 would win.} 35. Qxe7 h5 36. f5 gxf5 37. Qg5 {[%emt 0:00:22] [#]} (37. Qd7 $1 $11) 37... Qc7+ ({Much weaker is} 37... fxe4 $6 38. Qxh5+ Kg8 39. Qg5+ Kh7 40. Qh5+ Kg8 41. Qg5+ Kh7 42. Qh5+ $11) (37... Qd4 $1 $17 38. Qxf5+ Kg8 39. Qg5+ Kf8 40. Qh6+ Ke8) 38. Kh3 {[%emt 0:00:24] [#]} (38. Kg2 $1 $15) 38... fxe4 $1 $17 39. Qxh5+ Kg7 (39... Kg8 $17 40. Qg5+ Kf8 41. fxe4 Qd6) 40. Qg5+ $19 Kf8 41. Qh6+ (41. fxe4 {was the only chance.} Qd7+ 42. Kg2) 41... Ke8 42. fxe4 Qc5 43. Qf4 $2 (43. Kg3 Qg1+ 44. Kf3 Qf1+ 45. Kg3 (45. Kg4 Qg2+ 46. Kh4 Qxh2+ 47. Kg5 Qxh6+ 48. Kxh6 Ke7 49. Kh5 d2 50. Kg5 Ke6 51. Kg4 Ke5 52. Kh5 d1=Q+ 53. Kh6 Qg4 54. Kh7 Kxe4 55. Kh8 Ke5 56. Kh7 Kf6 57. Kh8 Qg7#) 45... Qe1+ 46. Kf3 Qe2+ 47. Kg3 Qxe4 48. Kf2) 43... Qd4 {[%emt 0:01:48] ( -> ...d2)} 44. Kg3 d2 {[%emt 0:00:57] Black mates.} 45. Qb8+ Ke7 46. Qc7+ Ke6 47. Qc8+ Qd7 48. Qc4+ Ke7 {[%emt 0:00:08] Weighted Error Value: White=0.59/Black=0.14 (very precise)} 0-1

[Event "European Women-ch 2023"]
[Site "Petrovac"]
[Date "2023.03.20"]
[Round "3.3"]
[White "Milliet, Sophie"]
[Black "Radeva, Viktoria"]
[Result "1/2-1/2"]
[ECO "E04"]
[WhiteElo "2404"]
[BlackElo "2247"]
[Annotator "TA"]
[PlyCount "76"]
[EventDate "2023.03.15"]
[EventType "swiss"]
[EventCountry "MNE"]
[SourceTitle "playchess.com"]
[Source "ChessBase"]
[SourceQuality "1"]
[TimeControl "40/5400+30:1800+30"]

1. d4 d5 2. c4 e6 3. Nf3 Nf6 4. g3 dxc4 5. Bg2 c5 6. O-O Nc6 7. dxc5 Qxd1 8. Rxd1 Bxc5 9. Nbd2 c3 10. bxc3 O-O 11. Nb3 Be7 {[%emt 0:00:05] E04: Open Catalan: 5 Nf3.} 12. Nfd4 Nxd4 13. cxd4 Nd5 {[%emt 0:02:31] The position is equal.} 14. Bd2 Bd7 15. e4 Nf6 {[%emt 0:08:19] [#]} 16. Bf4 $146 ({Predecessor:} 16. Bg5 h6 17. Bxf6 gxf6 18. e5 Ba4 19. Rdc1 Rac8 20. Nc5 Bxc5 21. dxc5 Bc6 22. exf6 {½-½ Rambaldi,F (2570)-Harikrishna,P (2716) PRO League Stage rapid 2020 (4)}) 16... Rfd8 (16... Rac8 $11) 17. d5 $14 exd5 18. exd5 Ba3 19. Bc7 Re8 20. Na5 Ba4 21. Nxb7 Bxd1 22. Rxd1 Re2 23. d6 $1 {[%emt 0:00:55] aiming for d7.} Rae8 {[%emt 0:03:33] [#] White must now prevent ...Re1+.} ({Less strong is} 23... Rxa2 24. d7 Nxd7 25. Rxd7 $16) 24. Ba5 {[%emt 0:09:48] Inhibits Re1+.} Rxa2 25. d7 ({White should try} 25. Bc6 $16 Rc8 26. d7 Nxd7 27. Rxd7 (27. Bxd7 Rc1 $11)) 25... Nxd7 $1 $11 {[%emt 0:00:06][%mdl 64] Deflection} 26. Rxd7 {[%emt 0:00:03] Hoping for Bd5.} Ra1+ 27. Bf1 Bf8 $1 28. Rd5 Rb8 29. Rb5 Rxb7 {[%emt 0:02:32][%mdl 64] Remove Defender, Deflection} 30. Rxb7 Rxa5 {[%emt 0:00:04][%mdl 4096] Endgame KRB-KRB} 31. Bc4 Rf5 32. Rxa7 {[%emt 0:04:47] [#]} Rxf2 $1 {[%emt 0:00:13][%mdl 64] Decoy} 33. Kxf2 Bc5+ 34. Kf3 Bxa7 35. g4 g6 36. h4 Kg7 37. h5 gxh5 38. gxh5 f6 {[%emt 0:00:15] Weighted Error Value: White=0.08 (flawless) /Black=0.06 (flawless)} 1/2-1/2

[Event "European Women-ch 2023"]
[Site "Petrovac"]
[Date "2023.03.20"]
[Round "3.3"]
[White "Vega Gutierrez, Sabrina"]
[Black "Socko, Monika"]
[Result "1/2-1/2"]
[ECO "C02"]
[WhiteElo "2361"]
[BlackElo "2432"]
[Annotator "TA"]
[PlyCount "107"]
[EventDate "2023.03.15"]
[EventType "swiss"]
[EventCountry "MNE"]
[SourceTitle "playchess.com"]
[Source "ChessBase"]
[SourceQuality "1"]
[TimeControl "40/5400+30:1800+30"]

1. e4 e6 2. d4 d5 3. e5 c5 4. c3 Nc6 5. Nf3 Bd7 6. Be2 Nge7 7. O-O Ng6 $1 {[%emt 0:00:40] 7...Ng6 scores better than 7...Nf5.} 8. Na3 {[%emt 0:00:34] C02: French: Advance Variation.} cxd4 9. cxd4 f6 10. Bd3 {[%emt 0:03:20] [#] White has an edge.} Be7 $146 ({Predecessor:} 10... Rc8 11. Re1 Be7 12. Nc2 f5 13. Bxf5 exf5 14. e6 Bxe6 15. Rxe6 O-O 16. Re1 Bf6 {½-½ Schoeneich,M-Berndt,M BL2-Nord 9293 1992 [8]}) 11. exf6 Bxf6 12. Bxg6+ hxg6 13. Qd3 O-O 14. Bd2 Rc8 15. Rfe1 Qe7 16. Nc2 Qf7 17. Ne3 {[%emt 0:06:25] White is more active.} ({White should play} 17. h3 $16) 17... e5 $11 18. dxe5 Nxe5 19. Nxe5 Bxe5 20. Qxd5 Bxb2 {[%emt 0:02:11] [#] Strongly threatening ...Be6. This pair of bishops is nice.} ({Don't take} 20... Qxd5 21. Nxd5 Bxb2 22. Ne7+ Kh7 23. Nxc8 Bxa1 24. Nb6 $14) 21. Qxf7+ Rxf7 ({Much less strong is} 21... Kxf7 22. Rab1 Bd4 23. Rxb7 $16) 22. Rab1 Ba3 (22... Bd4 $5) 23. Rxb7 Be6 24. Rxf7 Kxf7 25. Rb1 Rc7 {[%emt 0:00:20] Wards off Rb7} 26. Kf1 Re7 27. Rb5 Bd6 28. a4 Bf4 29. Ke1 Rd7 30. a5 Re7 31. g3 Bc7 32. Bb4 Rd7 33. Rb7 Be5 34. Rxd7+ Bxd7 $14 {[%emt 0:00:01][%mdl 4096] Endgame KBB-KBN} 35. Ke2 Bb5+ 36. Kd2 Bd4 37. Bc3 Bxe3+ 38. fxe3 {[%emt 0:00:31] KB-KB} a6 39. h4 Bc4 40. e4 Bb5 41. Ke3 Bc6 42. Kf4 Bb7 43. Ke5 Bc6 44. g4 Bb7 45. g5 Bc6 46. Kd4 Bb7 47. e5 Bf3 {[%emt 0:05:04] White is slightly better.} 48. Kc5 Ke6 49. Kb6 Be2 50. Kc7 Bb5 51. Kd8 Ba4 52. Bb4 Kxe5 53. Ke7 Bd1 54. Kf7 {[%emt 0:00:27][%csl LRg6,LRg7] Weighted Error Value: White=0.06 (flawless) /Black=0.07 (flawless)} 1/2-1/2